 Dungeon Crawl Stone Soup version 0.28-a0-1038-g9c4cb8273d (webtiles) character file.

Game seed: 13082091883030045533

57 a11behringer the Chopper (level 4, -6/40 HPs)
             Began as a Hill Orc Cinder Acolyte on Dec 9, 2021.
             Was a High Priest of Ignis.
             Mangled by Grinder (9 damage)
             ... while paralysed by Grinder
             ... on level 3 of the Dungeon.
             The game lasted 00:05:17 (2950 turns).

a11behringer the Chopper (Hill Orc Cinder Acolyte)  Turns: 2950, Time: 00:05:18

Health: -6/40      AC:  9    Str: 16    XL:     4   Next: 0%
Magic:  5/5        EV:  2    Int: 16    God:    Ignis [*****.]
Gold:   101        SH:  0    Dex:  6    Spells: 3/5 levels left

rFire   + . .      SeeInvis .   a - -1 hand axe (flame)
rCold   . . .      Faith    .   (no shield)
rNeg    . . .      Spirit   .   b - +0 robe
rPois   .          Reflect  .   (no helmet)
rElec   .          Harm     .   (no cloak)
rCorr   .          Rampage  .   (no gloves)
Will    .....                   (no boots)
Stlth   +.........              (no amulet)
HPRegen 0.13/turn               (no ring)
MPRegen 0.09/turn               (no ring)

@: paralysed, fiery-armoured
A: no striking features
a: Renounce Religion, Fiery Armour, Foxfire Swarm, Rising Flame


You were on level 3 of the Dungeon.
You worshipped Ignis.
Ignis was extremely pleased with you.
You visited 1 branch of the dungeon, and saw 3 of its levels.

You collected 101 gold pieces.

Inventory:

Hand Weapons
 a - a -1 hand axe of flaming (weapon)
Missiles
 d - 3 javelins (quivered)
 h - 32 arrows
Armour
 b - a +0 robe (worn)
Scrolls
 c - a scroll of magic mapping
Potions
 f - 2 potions of cancellation {unknown}
 g - a potion of lignification {unknown}
 i - a potion of invisibility {unknown}


   Skills:
 + Level 4.1 Fighting
 * Level 5.7 Axes
 + Level 1.0 Spellcasting
 + Level 3.5 Fire Magic


You had 3 spell levels left.
You knew the following spells:

 Your Spells              Type           Power      Damage    Failure   Level
a - Scorch                Fire           24%        2d6       9%          2

Your spell library contained the following spells:

 Spells                   Type           Power      Damage    Failure   Level
 Iskenderun's Battlesphe  Conj           0%         2d6       99%         5
 Iron Shot                Conj/Erth      0%         9d1       100%        6
 Spellforged Servitor     Conj/Summ      0%         N/A       100%        7


Dungeon Overview and Level Annotations

Branches:
Dungeon (3/15)

Altars:
Sif Muna

Shops:
D:1 [:

Annotations:
D:3 Grinder


Message History

You are too injured to fight recklessly!
You are too injured to fight recklessly!
You are too injured to fight recklessly!
You are too injured to fight recklessly!
You closely miss Grinder.
Grinder is moderately wounded.
Grinder blinks!
The endoplasm closely misses you.
Grinder drinks a potion.
Grinder suddenly seems more resistant.
You hit the endoplasm. You burn the endoplasm.
The endoplasm is almost dead.
The endoplasm barely misses you.
Grinder blinks!
You hit the endoplasm but do no damage.
The endoplasm is almost dead.
You barely miss Grinder. The endoplasm hits you.
The endoplasm is burned by your cloak of flames.
You kill the endoplasm!
Grinder barely misses you.
You have reached level 4!
You closely miss Grinder.
Grinder is moderately wounded.
Grinder hits you.
Grinder resists.
Grinder is burned by your cloak of flames.
Grinder is moderately wounded.
You barely miss Grinder.
Grinder is moderately wounded.
Grinder gestures at you.
You suddenly lose the ability to move!
Grinder hits you!
* * * LOW HITPOINT WARNING * * *
You writhe in agony.
* * * LOW HITPOINT WARNING * * *
Grinder resists.
Grinder is burned by your cloak of flames.
Grinder is heavily wounded.
Grinder hits you but does no damage. Grinder gestures at you.
You barely resist. Grinder hits you!
You die...

,,***,,,,**,,#..,*####.#
#..#
***,,,,****,**#.#*#....#
#..# *,,,,,,,,,,**
*#.##.##.# #.## ,,,,,**,,,**
##...##.# #.# ,***,**,*,,**
##.#####.#######.#
,,,,,*,,*,*,**#..#
*......^...#
****,*,**,**,#[#.#
*.#..#.##.## *,*,,,,,,..##5#
*.*....##.#
*,,,,,,*#.#*#@#**#.*#.#.##.#
*,,,,,**#(#.....##.##.#.##.#
*,,,>,,*#,#.....##.........#
*,,,,,,**,#...$.#####.....##
**,,,*,**,#.....# ###.#.#†#
***,,,,,,#.....# #...#.#.#
**,,,**####### #.....#.#
**,,,,,** #...###.#
**,,,,,,,** ##..#*#.#


You could see Grinder (resistant).

Vanquished Creatures
  An adder (D:2)
  A dart slug (D:2)
  A bat (D:1)
  5 endoplasms
  5 goblins
  10 hobgoblins
  4 jackals (D:1)
  A quokka (D:2)
  3 ball pythons
  2 frilled lizards (D:1)
  5 kobolds
  A rat (D:1)
39 creatures vanquished.

Notes
Turn   | Place    | Note
-------+----------+-------------------------------------------
     0 | D:1      | a11behringer the Hill Orc Cinder Acolyte began the quest
                  | for the Orb.
     0 | D:1      | Reached XP level 1. HP: 19/19 MP: 2/2
   157 | D:1      | Reached XP level 2. HP: 25/27 MP: 3/3
   177 | D:1      | Found a faded altar of an unknown god.
   394 | D:1      | Found Riulih's Antique Armour Boutique.
   627 | D:1      | Found Qemegh's Book Emporium.
   887 | D:1      | Reached XP level 3. HP: 18/33 MP: 4/4
  1062 | D:1      | Learned a level 2 spell: Scorch
  1549 | D:1      | Reached skill level 5 in Axes
  1882 | D:2      | Found a shimmering blue altar of Sif Muna.
  2929 | D:3      | Noticed Grinder
  2945 | D:3      | Reached XP level 4. HP: 19/40 MP: 5/5
  2946 | D:3      | Paralysed by Grinder for 5 turns
  2947 | D:3      | HP: 2/40 [Grinder (5)]
  2950 | D:3      | Mangled by Grinder

Illustrated notes

Levels and vault maps discovered:
D:1:      dpeg_arrival_morbid_curiosity, layout_basic, serial_shops, shop,
          nicolae_lakefront_shop, hellmonk_ecumenical_altar_zigzags
D:2:      layout_loops_ring, basic_altar, minmay_tree_intersection
D:3:      layout_loops_cross, minmay_unequal, uniq_grinder

Skill      XL: |  1  2  3 |
---------------+----------+-----
Fighting       | 4 |  4.1
Axes           | 5 |  5.7
Spellcasting   | |  1.0
Fire Magic     | |  3.5

Action                   |  1- 3 |  4- 6 || total
-------------------------+-------+-------++-------
Melee: Hand axe          |   123 |     2 ||   125
Invok: Fiery Armour      |     1 |       ||     1
  Use: Scroll            |     6 |       ||     6
Armor: Robe              |    28 |     1 ||    29
Dodge: Dodged            |    75 |       ||    75

Table legend: (Time is in decaauts)
 A = Elapsed time spent in this place.
 B = Non-inter-level travel time spent in this place.
 C = Inter-level travel time spent in this place.
 D = Time resting spent in this place.
 E = Time spent auto-exploring this place.
 F = Levels seen in this place.
 G = Mean time per level.
                   A        B        C        D        E       F      G
               +--------+--------+--------+--------+--------+-----+--------+
         Total |   2956 |   2809 |    147 |    134 |   2397 |   3 |  985.3 |
       Dungeon |   2956 |   2809 |    147 |    134 |   2397 |   3 |  985.3 |
               +--------+--------+--------+--------+--------+-----+--------+

Top non-repeatable levels by time:
     D:1: 1691 daAuts
     D:2: 1038 daAuts
     D:3: 226 daAuts
